 Dungeon Crawl Stone Soup version 0.15.2 (webtiles) character file.

2369 Huymann the Ducker (level 9, -2/74 HPs)
             Began as a Yellow Draconian Conjurer on July 19, 2017.
             Was a Follower of Vehumet.
             Succumbed to a ghost moth's poison
             ... on Level 8 of the Dungeon on July 20, 2017.
             The game lasted 01:34:11 (8659 turns).

Huymann the Ducker (Yellow Draconian Conjurer)      Turns: 8659, Time: 01:34:11

HP  -2/74        AC  8     Str 11      XL: 9   Next: 21%
MP   0/20        EV 20     Int 15 (16) God: Vehumet [*.....]
Gold 340         SH  6     Dex 17 (19) Spells:  3 memorised,  9 levels left

rFire  x . .     SeeInvis .     O - +0 lightning rod (8/12)
rCold  + . .     Clarity  .     (armour unavailable)
rNeg   + . .     rCorr    +     l - +1 buckler
rPois  .         rRot     .     (helmet restricted)
rElec  .         Spirit   .     s - +0 cloak
SustAb .         Warding  .     (no gloves)
rMut   .         Stasis   .     (no boots)
Gourm  .                        (no amulet)
MR     .....                    p - ring of positive energy
                                a - ring of ice

@: agile, lethally poisoned, about to teleport, not resistant to hostile
enchantments, stealthy
A: spit acid, acid resistance, unfitting armour, cold-blooded, AC +7
a: Spit Acid, Renounce Religion


You were on level 8 of the Dungeon.
You worshipped Vehumet.
Vehumet was aware of your devotion.
You were not hungry.

You visited 2 branches of the dungeon, and saw 9 of its levels.

You collected 340 gold pieces.

Inventory:

Hand weapons
 k - a +0 blowgun
 n - a +2 quarterstaff of chaos
Missiles
 e - 7 javelins
 m - a throwing net (quivered)
 q - 27 poisoned needles
 C - 4 needles of confusion
 F - 3 needles of slowing
Armour
 l - a +1 buckler (worn)
 s - a +0 cloak (worn)
 w - a +0 large shield
Magical devices
 f - a wand of magic darts (12)
 g - a wand of flame (0)
 y - a wand of draining (0)
 G - a wand of frost (4)
 H - a wand of frost (18)
Comestibles
 b - 6 bread rations
 v - a meat ration
 J - 10 royal jellies
Scrolls
 i - a scroll of recharging
 r - 4 scrolls of fog
 u - a scroll of magic mapping
 x - a scroll of immolation
 A - 4 scrolls of remove curse
 N - a scroll of amnesia
Jewellery
 a - a ring of ice (left hand)
 p - a ring of positive energy (right hand)
Potions
 j - 2 potions of agility
 o - a potion of might {unknown}
 z - 2 potions of lignification
 D - 2 potions of restore abilities
 E - 2 potions of magic
Books
 c - a book of Conjurations

   Spells                             Type                      Level
   *Magic Dart                        Conjuration                  1
   Searing Ray                        Conjuration                  2
   *Dazzling Spray                    Conjuration/Hexes            3
   Fulminant Prism                    Conjuration/Hexes            4
   Iskenderun's Mystic Blast          Conjuration                  4
   Iskenderun's Battlesphere          Conjuration/Charms           5
 d - a book of Hinderance

   Spells                             Type                      Level
   Confusing Touch                    Hexes                        2
   *Confuse                           Hexes                        3
   Petrify                            Transmutation/Earth          4
   Leda's Liquefaction                Hexes/Earth                  4
   Metabolic Englaciation             Hexes/Ice                    5
   Summon Mana Viper                  Hexes/Summoning              5
 M - Sif Muna's Incunabulum of Transmutation
   (You found it on level 8 of the Dungeon)

   Spells                             Type                      Level
   Spider Form                        Transmutation/Poison         3
   Ice Form                           Ice/Transmutation            4
   Ignite Poison                      Fire/Transmutation           5
   Dragon Form                        Transmutation                7
Rods
 O - a +0 lightning rod (8/12) (weapon)
   (You found it on level 8 of the Dungeon)


   Skills:
 * Level 5.0 Fighting
 + Level 1.5 Throwing
 + Level 5.1 Dodging
 * Level 4.7 Stealth
 + Level 2.3 Shields
 * Level 4.4 Unarmed Combat
 * Level 4.2 Spellcasting
 + Level 4.8 Conjurations
 * Level 3.4 Hexes
 * Level 2.3 Evocations


You had 9 spell levels left.
You knew the following spells:

 Your Spells              Type           Power        Failure   Level  Hunger
a - Magic Dart            Conj           ###.         2%          1    None
b - Dazzling Spray        Conj/Hex       ###.....     12%         3    ###....
d - Confuse               Hex            ##......     14%         3    ###....


Dungeon Overview and Level Annotations

Branches:
Dungeon (8/15)             Temple (1/1) D:5
   Lair: D:8-11

Altars:
Ashenzari
Cheibriados
Dithmenos
Elyvilon
Fedhas
Kikubaaqudgha
Makhleb
Nemelex Xobeh
Okawaru
Qazlal
Sif Muna
Trog
Vehumet
Xom
Yredelemnul
Zin
The Shining One

Shops:
D:5 (

Annotations:
D:4 Blork the orc; Edmund; Huymann's ghost, average MiMo


Innate Abilities, Weirdness & Mutations

You can spit globs of acid.
You can corrode armour when you spit acid.
You are resistant to acid.
Your golden yellow scales are hard (AC +7).
Your body does not fit into most forms of armour.
Your cold-blooded metabolism reacts poorly to cold.


Message History

You are more poisoned.
Something poisons you!
Drink which item? (? for menu, Esc to quit)
You feel better.
You feel you are being watched by something.
Something hits you!
* * * LOW HITPOINT WARNING * * *
Something barely misses you.
Something stings you but does no damage.
You feel you are being watched by something.
Something closely misses you. Something hits you.
* * * LOW HITPOINT WARNING * * *
Something stings you.
* * * LOW HITPOINT WARNING * * *
You are lethally poisoned!
Something poisons you!
Read which item? (? for menu, Esc to quit)
As you read the scroll of teleportation, it crumbles to dust.
You feel strangely unstable.
You die...

..###.........##.##
##.## ###
##.......####.###.##
# ##.....## ##.#.##
##...## ##.## ##'##
#.# #####.# #.#
#.....# #.#
#.....#########.#
####...........@...#
##..........#########
.......>...###
##...........#
###......##.#
#......##.#
#....#.##.#
#.........#
#########.####


There were no monsters in sight!

Vanquished Creatures
  A spiny frog (shapeshifter) (D:8)
  A steam dragon (D:6)
  A hill giant skeleton (D:8)
  An ice beast (D:8)
  2 sky beasts
  2 phantoms
  2 ogres
  2 centaurs
  A giant frog (D:6)
  A troll zombie (D:8)
  A scorpion (D:5)
  A killer bee (D:8)
  2 goliath beetles (D:6)
  3 crimson imps
  3 hounds
  2 giant frog skeletons (D:5)
  3 jellies (D:8)
  Crazy Yiuf (D:5)
  2 iguanas
  3 orc wizards
  3 worker ants
  2 green rats (D:5)
  6 adders
  An orc zombie (D:8)
  3 giant mites
  2 worms (D:2)
  An adder skeleton (D:5)
  2 orc skeletons
  4 giant geckos
  6 oozes
  14 orcs
  4 ball pythons
  8 giant cockroaches
  11 hobgoblins
  11 jackals (D:4)
  15 kobolds
  10 quokkas
  10 bats
  3 giant newts
  15 goblins
  A goblin skeleton (D:5)
  A kobold zombie (D:5)
  17 rats
  A rat zombie (D:3)
  A bush (D:5)
187 creatures vanquished.

Notes
Turn   | Place    | Note
--------------------------------------------------------------
     0 | D:1      | Huymann, the Draconian Conjurer, began the quest for the Orb.
     0 | D:1      | Reached XP level 1. HP: 14/14 MP: 3/3
   474 | D:1      | Reached XP level 2. HP: 14/22 MP: 4/4
   762 | D:1      | Reached skill level 1 in Unarmed Combat
  1117 | D:1      | Reached XP level 3. HP: 14/27 MP: 6/6
  1515 | D:1      | Learned a level 3 spell: Dazzling Spray
  1581 | D:2      | Found an iron altar of Okawaru.
  1634 | D:2      | Reached skill level 1 in Fighting
  1891 | D:2      | Found a bloodstained altar of Trog.
  2458 | D:2      | Reached XP level 4. HP: 35/35 MP: 7/7
  2861 | D:3      | Noticed a centaur
  3051 | D:4      | Got a sapphire long sword
  3104 | D:4      | Reached XP level 5. HP: 34/41 MP: 2/9
  3199 | D:4      | Identified the cursed +0 long sword "Hydraslayer" {drain, rF- Str+3} (You found it on level 4 of the Dungeon)
  3428 | D:4      | Noticed Edmund
  3500 | D:5      | Entered Level 5 of the Dungeon
  3500 | D:5      | Noticed an ogre
  3533 | D:4      | Noticed Huymann's ghost (average MiMo)
  3947 | D:5      | Found Wethied's Weapon Boutique.
  4068 | D:3      | Reached skill level 1 in Hexes
  4068 | D:3      | Reached XP level 6. HP: 50/50 MP: 4/11
  4109 | D:3      | Killed a centaur
  4109 | D:3      | Reached skill level 1 in Shields
  4160 | D:3      | Found a blossoming altar of Fedhas.
  4402 | D:4      | Learned a level 4 spell: Iskenderun's Mystic Blast
  4475 | D:4      | Noticed Blork the orc
  4596 | D:5      | Noticed a sky beast
  4619 | D:5      | Killed a sky beast
  4891 | D:5      | Your scales start taking on a golden yellow colour.
  4891 | D:5      | Reached XP level 7. HP: 46/57 MP: 11/14
  5015 | D:5      | Noticed a phantom
  5345 | D:5      | Noticed Crazy Yiuf
  5368 | D:5      | Killed Crazy Yiuf
  5613 | D:5      | Killed a phantom
  5895 | D:5      | Found a staircase to the Ecumenical Temple.
  5905 | Temple   | Entered the Ecumenical Temple
  5964 | Temple   | Became a worshipper of Vehumet
  6478 | D:6      | Reached XP level 8. HP: 52/66 MP: 9/16
  6904 | D:6      | Reached skill level 1 in Throwing
  7040 | D:6      | Found a stormy altar of Qazlal.
  7073 | D:6      | Found a deep blue altar of Sif Muna.
  7223 | D:7      | Learned a level 3 spell: Confuse
  7486 | D:8      | Found a shimmering altar of Xom.
  7488 | D:8      | Found a shimmering altar of Xom.
  7490 | D:8      | Found a shimmering altar of Xom.
  7490 | D:8      | Found a shimmering altar of Xom.
  7490 | D:8      | Found a shimmering altar of Xom.
  7491 | D:8      | Found a shimmering altar of Xom.
  7494 | D:8      | Noticed a harpy
  7494 | D:8      | a golden eye changed into a harpy
  7717 | D:8      | Acquired Vehumet's first power
  7717 | D:8      | Offered knowledge of Sandblast by Vehumet.
  7984 | D:8      | Identified Sif Muna's Incunabulum of Transmutation
  8154 | D:8      | Reached skill level 5 in Dodging
  8154 | D:8      | Reached skill level 1 in Evocations
  8439 | D:8      | Reached XP level 9. HP: 46/72 MP: 15/20
  8562 | D:8      | Noticed a spiny frog
  8562 | D:8      | a wolf changed into a spiny frog
  8577 | D:8      | Killed a spiny frog
  8577 | D:8      | Reached skill level 5 in Fighting
  8637 | D:8      | Noticed an azure jelly
  8644 | D:8      | an azure jelly changed into something unseen
  8658 | D:8      | HP: 3/74 [something (3)]
  8659 | D:8      | Succumbed to a ghost moth's poison

Action                   |  1- 3 |  4- 6 |  7- 9 || total
-------------------------+-------+-------+-------++-------
Melee: Unarmed           |   192 |   311 |   459 ||   962
 Fire: Blowgun           |       |     9 |    31 ||    40
Throw: Javelin           |       |     1 |     3 ||     4
       Throwing net      |       |     1 |     1 ||     2
 Cast: Magic Dart        |    44 |    97 |    89 ||   230
       Dazzling Spray    |       |     4 |     6 ||    10
       Confuse           |       |       |     1 ||     1
 Abil: Spit Acid         |       |       |     6 ||     6
Evoke: Wand              |       |     5 |    16 ||    21
       Rod               |       |       |     5 ||     5
  Use: Scroll            |     1 |     9 |     7 ||    17
       Potion            |       |     5 |     2 ||     7
 Stab: Invisible         |       |     1 |     1 ||     2
       Sleeping          |       |     1 |     6 ||     7
  Eat: Chunk             |     6 |    10 |     3 ||    19
       Meat ration       |       |       |     2 ||     2
       Beef jerky        |       |       |     1 ||     1
       Pizza             |       |       |     1 ||     1
